Map: Chantier naval orbital

Players

AgCl - Winner!

  • Race: Protoss Protoss
  • League: Grandmaster

ppoOPlus

  • Race: Zerg Zerg
  • League: Grandmaster

VOD

Have the link to the VOD?

Description

Time

  • Played on: June 13, 2015, 6:38 a.m.
  • Length: 17:14
Show
View Real Time Build Order
Export as new Build Order

AgCl Protoss - Winner!

Build Orders: Oracle Opening 

Get SALT Encoding   

  12  0:17  Probe, Pylon  
  13  0:23  Assimilator  
  14  0:39  Probe (Chrono Boost)  
  14  0:43  Gateway  
  14  0:49  Probe (Chrono Boost)  
  15  0:56  Probe  
  16  1:08  Probe  
  17  1:16  Pylon  
  17  1:21  Probe  
  18  1:33  Probe  
  18  1:35  Zealot (Chrono Boost)  
  18  1:38  Cybernetics Core  
  21  1:45  Probe  
  22  1:51  Assimilator  
  22  1:53  Pylon  
  22  1:57  Probe (Chrono Boost)  
  24  2:08  Probe (Chrono Boost)  
  25  2:26  Stargate  
  24  2:34  Probe (Chrono Boost)  
  25  2:37  Nexus  
  25  2:43  Probe (Chrono Boost)  
  26  2:51  Probe  
  27  3:03  Probe  
  28  3:09  Oracle (Chrono Boost)  
  29  3:14  Pylon  
  29  3:15  Mothership Core (Chrono Boost)  
  31  3:23  Pylon  
  31  3:30  Pylon  
  31  3:31  Forge  
  31  3:35  Warp Gate  
  31  3:36  Adept (Chrono Boost)  
  31  3:38  Probe  
  34  3:50  Probe  
  34  3:52  Oracle  
  38  4:02  Probe  
  39  4:08  Probe (Chrono Boost)  
  40  4:14  Probe (Chrono Boost)  
  41  4:21  Pylon  
  43  4:25  Probe x2 (Chrono Boost)  
  44  4:33  Probe (Chrono Boost), Fleet Beacon  
  44  4:35  Probe (Chrono Boost)  
  45  4:42  Assimilator  
  45  4:43  Probe (Chrono Boost)  
  47  4:45  Probe (Chrono Boost)  
  47  4:50  Probe  
  48  4:55  Probe  
  49  5:02  Probe  
  50  5:07  Probe  
  50  5:14  Probe  
  52  5:19  Probe  
  52  5:20  Void Ray (Chrono Boost)  
  57  5:30  Probe, Stargate  
  57  5:33  Assimilator  
  57  5:34  Probe  
  59  5:42  Probe (Chrono Boost)  
  60  5:48  Nexus  
  61  5:50  Probe (Chrono Boost)  
  61  5:51  Pylon  
  61  5:54  Probe (Chrono Boost)  
  61  5:55  Void Ray (Chrono Boost)  
  66  6:01  Probe x2 (Chrono Boost)  
  68  6:10  Probe  
  69  6:13  Photon Cannon  
  69  6:17  Pylon  
  69  6:21  Photon Cannon  
  69  6:23  Carrier (Chrono Boost)  
  69  6:26  Gateway  
  69  6:27  Pylon  
  69  6:30  Pylon  
  69  6:35  Protoss Air Weapons Level 1 (Chrono Boost)  
  69  6:44  Carrier (Chrono Boost)  
  69  6:45  Assimilator  
  75  6:54  Probe  
  76  6:58  Nexus  
  82  7:02  Pylon  
  82  7:06  Pylon  
  82  7:09  Graviton Catapult  
  82  7:10  Gateway  
  82  7:13  Probe (Chrono Boost), Assimilator  
  83  7:18  Probe x2 (Chrono Boost)  
  83  7:22  Photon Cannon  
  85  7:24  Carrier (Chrono Boost)  
  85  7:29  Protoss Shields Level 1 (Chrono Boost)  
  87  7:30  Probe (Chrono Boost)  
  86  7:43  Carrier (Chrono Boost)  
  92  7:46  Probe  
  93  8:04  Gateway  
  93  8:05  Probe  
  100  8:08  Probe  
  100  8:09  Pylon x2  
  85  8:37  Carrier x2 (Chrono Boost)  
  85  8:40  Adept x3  
  91  8:47  Photon Cannon  
  91  8:51  Pylon  
  91  8:52  Pylon  
  91  8:54  Probe (Chrono Boost)  
  91  8:55  Probe (Chrono Boost)  
  105  9:06  Stargate  
  105  9:08  Pylon  
  103  9:12  Photon Cannon  
  101  9:22  Probe  
  102  9:26  Pylon  
  102  9:29  Protoss Ground Weapons Level 1 (Chrono Boost), Pylon, Photon Cannon  
  102  9:32  Pylon  
  102  9:36  Assimilator  
  102  9:37  Photon Cannon  
  102  9:39  Assimilator  
  102  9:40  Twilight Council  
  102  9:43  Carrier (Chrono Boost)  
  102  9:47  Protoss Air Weapons Level 2 (Chrono Boost)  
  108  10:14  Carrier (Chrono Boost)  
  108  10:22  Carrier (Chrono Boost)  
  119  10:41  Forge  
  119  10:44  Carrier (Chrono Boost)  
  119  10:45  Pylon  
  119  10:46  Gateway  
  119  10:48  Pylon  
  119  10:49  Gateway  
  125  11:05  Pylon  
  125  11:06  Templar Archives  
  125  11:12  Adept  
  115  11:18  Adept  
  115  11:19  Adept  
  115  11:23  Adept  
  121  11:36  Pylon, Robotics Facility  
  121  11:40  Gateway  
  121  11:43  Shield Upgrade  
  121  12:02  Gateway  
  121  12:11  Nexus  
  121  12:13  Pylon  
  121  12:14  High Templar x3  
  121  12:15  High Templar  
  129  12:19  Archon  
  129  12:20  Carrier (Chrono Boost)  
  127  12:28  Carrier x2 (Chrono Boost)  
  127  12:35  Observer  
  146  12:49  Protoss Shields Level 2 (Chrono Boost)  
  146  12:54  High Templar  
  146  12:56  Observer  
  146  12:57  Archon  
  149  12:59  Gateway  
  149  13:03  Gateway, Pylon  
  149  13:17  Assimilator  
  149  13:22  Psionic Storm, Carrier (Chrono Boost)  
  149  13:26  Protoss Air Weapons Level 3 (Chrono Boost)  
  149  13:28  Protoss Ground Weapons Level 2 (Chrono Boost)  
  149  13:31  Charge, Carrier (Chrono Boost)  
  161  13:54  Photon Cannon  
  161  13:57  Assimilator  
  161  14:00  Probe  
  161  14:02  Probe  
  163  14:12  Adept  
  163  14:13  Adept  
  163  14:14  Probe, Adept x2  
  172  14:20  High Templar x2  
  172  14:21  High Templar x2  
  180  14:24  Archon  
  180  14:25  Archon  
  180  14:26  Probe  
  180  14:31  Pylon  
  181  14:35  Carrier (Chrono Boost)  
  181  14:41  Carrier x2 (Chrono Boost)  
  181  14:55  Pylon  
  199  15:11  Dark Shrine  
  199  15:46  Nexus  
  197  16:34  Nexus  
Show
View Real Time Build Order
Export as new Build Order

ppoOPlus Zerg 

Build Orders: Pool First 

Get SALT Encoding   

  12  0:03  Drone  
  13  0:16  Drone  
  14  0:27  Spawning Pool  
  13  0:33  Overlord  
  13  0:51  Drone  
  13  0:53  Drone x2  
  16  1:08  Drone  
  17  1:21  Hatchery  
  16  1:31  Queen  
  18  1:36  Roach Warren  
  18  1:37  Drone  
  18  1:42  Drone  
  18  1:45  Drone  
  20  2:02  Drone x2  
  22  2:14  Overlord  
  21  2:32  Queen  
  21  2:34  Queen  
  25  2:47  Zergling x8  
  25  2:48  Zergling x6  
  31  3:18  Zergling x4  
  33  3:22  Queen, Extractor  
  33  3:23  Extractor  
  33  3:26  Queen  
  31  3:58  Drone x5  
  31  4:00  Drone  
  31  4:02  Spore Crawler, Queen  
  35  4:12  Spore Crawler  
  35  4:14  Drone  
  35  4:15  Drone  
  36  4:31  Spore Crawler  
  36  4:33  Drone  
  36  4:35  Overlord  
  36  4:36  Overlord  
  36  4:56  Roach x3  
  36  4:57  Roach  
  42  5:20  Ravager x3  
  45  5:28  Ravager  
  46  5:43  Drone  
  46  5:44  Drone x5  
  46  5:48  Overlord x2  
  46  5:49  Overlord  
  52  6:07  Pneumatized Carapace  
  52  6:13  Extractor  
  52  6:14  Spore Crawler x2  
  52  6:16  Drone x6  
  55  6:20  Drone  
  55  6:21  Drone  
  45  6:57  Metabolic Boost  
  45  7:00  Zergling x22  
  56  7:04  Drone x7  
  63  7:10  Extractor  
  62  7:19  Lair  
  62  7:31  Roach x5  
  72  7:52  Overlord  
  72  7:53  Overlord x3  
  56  8:42  Queen  
  56  8:46  Hydralisk Den  
  52  9:06  Spore Crawler  
  52  9:07  Spore Crawler x4  
  52  9:08  Spore Crawler x3  
  52  9:09  Spore Crawler  
  38  9:11  Spore Crawler  
  38  9:12  Drone x6  
  38  9:13  Drone  
  38  9:15  Spore Crawler  
  38  9:29  Muscular Augments  
  38  9:33  Hydralisk  
  38  9:34  Hydralisk x9  
  56  10:15  Hydralisk  
  56  10:16  Hydralisk x5  
  56  10:19  Hydralisk  
  56  10:20  Hydralisk  
  72  10:21  Hydralisk x3  
  72  10:22  Hydralisk  
  72  10:25  Hydralisk  
  82  11:05  Spire  
  45  11:23  Zergling x2  
  45  11:24  Zergling x16  
  46  11:33  Zergling x2  
  46  11:34  Zergling x18  
  50  12:23  Corruptor  
  50  12:25  Corruptor x6  
  50  12:29  Overlord x4  
  61  13:01  Corruptor  
  61  13:02  Corruptor x3  
  61  13:03  Corruptor  
  71  13:06  Corruptor  
  60  14:37  Corruptor  
  60  14:38  Corruptor x11  
  77  15:50  Roach x7  
  77  15:51  Zergling x2  
  77  15:52  Zergling x22  
Tags
 
Add a new tag
Caveats
  • Supply blocks, unpowered buildings, or Contaminate may cause inaccurate times.
  • Supply counts are checked every 10 seconds.